 Dungeon Crawl Stone Soup version 0.17-a0-1951-g62301d3 (webtiles) character file.

78 Primus the Insei (level 4, -7/35 HPs)
             Began as a Human Monk on Oct 2, 2015.
             Mangled by an ogre
             ... wielding a +0 giant spiked club
              (24 damage)
             ... on level 3 of the Dungeon.
             The game lasted 00:36:31 (3218 turns).

Primus the Insei (Human Monk)                       Turns: 3218, Time: 00:36:32

Health: -7/35      AC:  6    Str: 12    XL:     4   Next: 61%
Magic:  4/4        EV: 11    Int: 10    God:
Gold:   98         SH:  4    Dex: 16    Spells: 0 memorised, 3 levels left

rFire  . . .     SeeInvis .     k - +0 mace
rCold  . . .     Clarity  .     c - +0 ring mail
rNeg   . . .     SustAt   .     n - +0 buckler
rPois  .         Gourm    .     (no helmet)
rElec  .         Spirit   .     (no cloak)
rCorr  +         Warding  .     (no gloves)
rMut   .         Stasis   .     v - +0 pair of boots
MR     .....                    F - amulet of resist corrosion
Stlth  +.........               (no ring)
                                (no ring)

@: not resistant to hostile enchantments, very unstealthy
A: no striking features
a: no special abilities


You were on level 3 of the Dungeon.
You were not hungry.

You visited 1 branch of the dungeon, and saw 3 of its levels.

You collected 98 gold pieces.

Inventory:

Hand weapons
 b - a +0 short sword
 d - a +0 dagger
 f - a +0 dagger
 g - a +0 club
 h - a +0 vampiric dagger
 i - a +0 dagger
 k - a +0 mace (weapon)
 l - a cursed -3 club
 m - a +0 short sword
 o - a +0 spear
 r - a +0 dagger
 s - a +0 short sword
 w - a +0 hunting sling
 y - a +0 short sword
 z - a +0 club
 A - a +0 club
 E - a +0 club
 L - a +0 short sword
 N - a +0 club
Missiles
 e - 95 stones (quivered)
 j - 28 arrows of frost
 p - 6 tomahawks
 O - 14 sling bullets
 R - 16 arrows
Armour
 a - a +0 robe
 c - a +0 ring mail (worn)
 n - a +0 buckler (worn)
 v - a +0 pair of boots (worn)
 Q - a +0 robe
Jewellery
 F - an amulet of resist corrosion (around neck)
Magical devices
 B - a wand of enslavement (9)
 G - a wand of confusion (22)
Scrolls
 q - 2 scrolls of fear
 u - a scroll of remove curse {unknown}
 x - a scroll of noise {unknown}
 C - a scroll of random uselessness {unknown}
 D - a scroll of magic mapping {unknown}
 H - 2 scrolls of identify
 M - a scroll of teleportation {unknown}
 P - a scroll of enchant weapon {unknown}
Potions
 I - 3 potions of heal wounds {unknown}
 J - a potion of degeneration {unknown}
 K - a potion of brilliance {unknown}
 S - a potion of magic {unknown}
Books
 t - a Grand Grimoire

   Spells                             Type                      Level
   a - Monstrous Menagerie            Summoning                    6
   b - Summon Greater Demon           Summoning                    7
   c - Malign Gateway                 Summoning/Translocation      7
   d - Summon Horrible Things         Summoning                    8
Comestibles
 T - a slice of pizza


   Skills:
 + Level 3.2 Fighting
 + Level 1.0 Maces & Flails
 + Level 1.1 Armour
 + Level 3.9 Dodging
 + Level 2.2 Stealth
 + Level 0.2 Shields
 + Level 4.4 Unarmed Combat


You had 3 spell levels left.
You didn't know any spells.

Dungeon Overview and Level Annotations

Branches:
Dungeon (3/15)

Altars:


Message History

You barely miss the ogre.
The ogre is moderately wounded.
The ogre misses you.
You closely miss the ogre.
The ogre is moderately wounded.
The ogre closely misses you.
You hit the ogre.
The ogre is heavily wounded.
The ogre hits you with a giant spiked club!
You barely miss the ogre.
The ogre is heavily wounded.
The ogre barely misses you.
Your shield and ring mail prevent you from hitting the ogre.
The ogre is heavily wounded.
The ogre hits you but does no damage.
You thump the ogre!
The ogre is severely wounded.
The ogre hits you with a giant spiked club!!
Ouch! That really hurt!
You die...

##.######.......#
..#.......#........
#.#######.#......#. #.
#.#......#. #.
#.#.######. #.
#.#.######. #.###
#.#........
#...#####.#########
#.@.'.............
#.O.#####.#########
#####...### #.#########
..........# #..........
..........###..........
.......................
.......................
.......................
.......................


You could see an ogre.

Vanquished Creatures
  An adder (D:3)
  4 worms (D:2)
  2 giant geckos (D:1)
  6 goblins
  9 hobgoblins
  5 jackals
  8 kobolds
  2 quokkas (D:2)
  A ball python (D:1)
  3 bats
  A giant cockroach (D:2)
  5 giant newts
  5 rats
52 creatures vanquished.

Notes
Turn   | Place    | Note
--------------------------------------------------------------
     0 | D:1      | Primus the Human Monk began the quest for the Orb.
     0 | D:1      | Reached XP level 1. HP: 18/18 MP: 1/1
   473 | D:1      | Reached XP level 2. HP: 9/24 MP: 2/2
   934 | D:2      | Reached XP level 3. HP: 27/29 MP: 3/3
  1894 | D:2      | Reached XP level 4. HP: 35/35 MP: 4/4
  2538 | D:1      | Reached skill level 1 in Maces & Flails
  2970 | D:3      | Reached skill level 1 in Armour
  3203 | D:3      | Noticed an ogre
  3218 | D:3      | Mangled by an ogre

Vault maps used:
D:1:      ncdulo_lavacross, st_stairs_3, roderic_roman_lattice
D:2:      hangedman_decor_diamond_cutter
D:3:      nicolae_ashenzari_panopticon, uniq_iyjb

Action                   |  1- 3 |  4- 6 || total
-------------------------+-------+-------++-------
Melee: Club              |    30 |       ||    30
       Dagger            |     6 |       ||     6
       Unarmed           |     2 |       ||     2
       Mace              |   103 |    81 ||   184
Throw: Stone             |     5 |     2 ||     7
  Use: Scroll            |     2 |       ||     2
       Potion            |     2 |     1 ||     3
 Stab: Sleeping          |     2 |       ||     2
  Eat: Bread ration      |     1 |     1 ||     2
       Royal jelly       |     1 |       ||     1
       Beef jerky        |     1 |       ||     1
